 Dungeon Crawl Stone Soup version 0.21-a0-29-g43b3074 (webtiles) character file.

2040 grindst0ne the Fighter (level 9, 0/72 HPs)
             Began as a Formicid Fighter on May 26, 2017.
             Was a Follower of Makhleb.
             Killed from afar by an electric eel (8 damage)
             ... with a bolt of electricity
             ... on level 6 of the Dungeon.
             The game lasted 00:14:24 (6898 turns).

grindst0ne the Fighter (Formicid Fighter)           Turns: 6898, Time: 00:14:25

Health: 0/72       AC: 14    Str: 22    XL:     9   Next: 48%
Magic:  9/9        EV:  6    Int: 11    God:    Makhleb [*.....]
Gold:   317        SH: 10    Dex: 16    Spells: 8/8 levels left

rFire    . . .     SeeInvis +   g - +3 flail (freeze)
rCold    . . .     Gourm    .   c - +0 shield
rNeg     . . .     Faith    .   j - +0 chain mail
rPois    +         Spirit   .   (helmet unavailable)
rElec    .         Reflect  .   z - +1 cloak
rCorr    .         Harm     .   h - +0 pair of gloves
MR       .....                  (no boots)
Stlth    ..........             (no amulet)
Regen    0.3/turn               l - +3 ring of dexterity
MPRegen  0.2/turn               E - ring of stealth

@: no status effects
A: permanent stasis, dig shafts and tunnels, four strong arms, antennae 3,
talons 1, molten scales 1, blurry vision 1, clever 1, frail 1, sense
surroundings 2, poison resistance, strong 1
a: Dig, Shaft Self, Renounce Religion


You were on level 6 of the Dungeon.
You worshipped Makhleb.
Makhleb was aware of your devotion.
You were not hungry.

You visited 1 branch of the dungeon, and saw 6 of its levels.
You also visited: Ossuary.

You collected 317 gold pieces.

Inventory:

Hand Weapons
 a - a +1 war axe
 g - a +3 flail of freezing (weapon)
Missiles
 q - 5 javelins
 r - 7 javelins of returning (quivered)
Armour
 b - a +0 scale mail
 c - a +0 shield (worn)
 h - a +0 pair of gloves (worn)
 j - a +0 chain mail (worn)
 z - a +1 cloak (worn)
Jewellery
 l - a +3 ring of dexterity (left hand)
 E - a ring of stealth (right hand)
Wands
 u - a wand of acid (4/15)
 y - a wand of flame (25/48)
 D - a wand of flame (26/48)
Scrolls
 k - 3 scrolls of magic mapping
 o - a scroll of enchant armour
Potions
 d - 2 potions of might
 e - a potion of flight
 m - 2 potions of ambrosia
 n - a potion of cancellation
 p - 7 potions of curing
 t - 2 potions of lignification
 x - 2 potions of agility
 B - 4 potions of magic
Books
 w - a book of Maledictions

   Spells                             Type                      Level
   a - Corona                         Hexes                        1
   b - Ensorcelled Hibernation        Hexes/Ice                    2
   c - Confuse                        Hexes                        3
   d - Tukima's Dance                 Hexes                        3
   e - Dazzling Spray                 Conjuration/Hexes            3
 A - a book of Changes

   Spells                             Type                      Level
   a - Beastly Appendage              Transmutation                1
   b - Sticks to Snakes               Transmutation                2
   c - Spider Form                    Transmutation/Poison         3
   d - Ice Form                       Ice/Transmutation            4
   e - Blade Hands                    Transmutation                5
Comestibles
 f - 6 bread rations
 i - 5 meat rations
 s - 2 fruits
 v - 3 royal jellies
 C - a chunk of flesh


   Skills:
 - Level 11.0 Fighting
 + Level 7.1 Axes
 - Level 3.2 Armour
 - Level 3.6 Shields


You had 8 spell levels left.
You didn't know any spells.

Dungeon Overview and Level Annotations

Branches:
Dungeon (6/15)             Temple (0/1) D:6

Altars:
Ashenzari
Dithmenos
Elyvilon
Hepliaklqana
Makhleb
Trog
Zin


Innate Abilities, Weirdness & Mutations

You cannot be hasted, slowed, berserked, paralysed or teleported.
You can dig through walls and to a lower floor.
Your four strong arms can wield two-handed weapons with a shield.
You have a pair of large antennae on your head. (SInv)
You have sharp toenails.
You are partially covered in molten scales. (AC +2)
Scrolls take you a little longer to read.
Your mind is acute. (Int +2)
You are frail. (-10% HP)
You passively map the area around you.
Your system is resistant to poisons. (rPois)
Your muscles are strong. (Str +2)


Message History

The electric eel shoots out a bolt of lightning at you!
The bolt of electricity hits you!
* * * LOW HITPOINT WARNING * * *
You thump the electric eel!
The electric eel seems to slow down.
You freeze the electric eel.
You kill the electric eel!
Makhleb accepts your kill.
You feel better.
The electric eel shoots out a bolt of lightning at you!
The bolt of electricity hits you!
* * * LOW HITPOINT WARNING * * *
The electric eel shoots out a bolt of lightning at you!
The bolt of electricity hits you!
* * * LOW HITPOINT WARNING * * *
The electric eel shoots out a bolt of lightning at you!
The bolt of electricity hits you!
* * * LOW HITPOINT WARNING * * *
The electric eel shoots out a bolt of lightning at you!
The bolt of electricity hits you!
You die...

* #≈≈ #≈≈......#.###.###* ≈≈
#≈≈#,#≈≈...............,
≈≈###≈≈###≈≈........###.###*
#≈≈≈≈≈≈≈≈≈≈.........#
#.#######
#≈≈≈≈≈≈;≈..........###.#......
##..................#.#......
#.................#.#.#......
#................##..........
#...........@.....###..###.##
##................###...##.#
##...##............#.#.##.#
#######.........#...#.##.#
#.>.......##.......##
#........###.##..#..#
#.#.....## #.###.#..#
#.###..## .. ##.##.. #.# ##..#
.# #..##.#


You could see an electric eel.

Vanquished Creatures
  A sky beast (D:5)
  An ogre (D:6)
  2 centaurs
  Blork the orc (D:4)
  2 bullfrogs (D:6)
  9 scorpions
  3 wights (D:6)
  An electric eel (D:6)
  A howler monkey (D:4)
  3 bullfrog skeletons
  A centaur zombie (Ossuary)
  A centaur skeleton (D:6)
  2 human zombies (Ossuary)
  Crazy Yiuf (D:2)
  A hound (D:6)
  Jessica (D:2)
  Terence (D:2)
  An iguana (D:4)
  6 orc wizards
  A big kobold zombie (Ossuary)
  A hound skeleton (D:4)
  3 mummies (Ossuary)
  A worker ant zombie (D:5)
  4 gnolls (D:3)
  10 adders
  4 scorpion zombies (Ossuary)
  3 shadow imps
  An ooze (D:5)
  4 worms
  2 dart slugs
  4 leopard geckos
  15 orcs
  3 giant cockroaches
  A gnoll zombie (Ossuary)
  7 hobgoblins
  2 jackals (D:3)
  A quokka (D:5)
  12 bats
  9 frilled lizards
  9 goblins
  A goblin zombie (Ossuary)
  2 hobgoblin zombies (Ossuary)
  A jackal skeleton (D:6)
  6 kobolds
  A kobold zombie (Ossuary)
  2 orc zombies (Ossuary)
  A quokka skeleton (D:6)
  A quokka zombie (D:6)
  9 rats
160 creatures vanquished.

Notes
Turn   | Place    | Note
-------+----------+-------------------------------------------
     0 | D:1      | grindst0ne the Formicid Fighter began the quest for the Orb.
     0 | D:1      | Reached XP level 1. HP: 18/18 MP: 1/1
   189 | D:1      | Reached XP level 2. HP: 22/24 MP: 2/2
   287 | D:1      | Found a shattered altar of Ashenzari.
   686 | D:1      | Reached skill level 4 in Fighting
   765 | D:1      | Reached XP level 3. HP: 30/30 MP: 3/3
  1077 | D:2      | Noticed Jessica
  1255 | D:2      | Killed Jessica
  1255 | D:2      | Reached XP level 4. HP: 36/38 MP: 4/4
  1271 | D:2      | Noticed Terence
  1288 | D:2      | Killed Terence
  1288 | D:2      | Reached skill level 5 in Fighting
  1475 | D:2      | Reached XP level 5. HP: 44/44 MP: 5/5
  1749 | D:2      | Found a hazy altar of Hepliaklqana.
  1882 | D:2      | Found a runed door.
  2347 | D:2      | Noticed Crazy Yiuf
  2350 | D:2      | Killed Crazy Yiuf
  2411 | D:3      | Reached XP level 6. HP: 46/52 MP: 6/6
  2482 | D:3      | Reached skill level 6 in Fighting
  2620 | D:3      | Gained mutation: You are surrounded by a mild repulsion field. (EV +2) [potion of mutation]
  2620 | D:3      | Gained mutation: You are covered in fur. (AC +1) [potion of mutation]
  3133 | D:3      | Lost mutation: You are surrounded by a mild repulsion field. (EV +2) [potion of mutation]
  3133 | D:3      | Lost mutation: You are covered in fur. (AC +1) [potion of mutation]
  3133 | D:3      | Gained mutation: Your spells are a little harder to cast, but a little more powerful. [potion of mutation]
  3133 | D:3      | Gained mutation: Your magical capacity is low. (-10% MP) [potion of mutation]
  3133 | D:3      | Gained mutation: You have sharp toenails. [potion of mutation]
  3134 | D:3      | Lost mutation: You have sharp toenails. [potion of mutation]
  3134 | D:3      | Lost mutation: Your magical capacity is low. (-10% MP) [potion of mutation]
  3134 | D:3      | Lost mutation: Your spells are a little harder to cast, but a little more powerful. [potion of mutation]
  3134 | D:3      | Gained mutation: You are robust. (+10% HP) [potion of mutation]
  3134 | D:3      | Gained mutation: Your mind is acute. (Int +2) [potion of mutation]
  3135 | D:3      | Lost mutation: You are robust. (+10% HP) [potion of mutation]
  3135 | D:3      | Lost mutation: Your mind is acute. (Int +2) [potion of mutation]
  3135 | D:3      | Gained mutation: Scrolls take you a little longer to read. [potion of mutation]
  3135 | D:3      | Gained mutation: You have very sharp teeth. [potion of mutation]
  3136 | D:3      | Lost mutation: Scrolls take you a little longer to read. [potion of mutation]
  3136 | D:3      | Lost mutation: You have very sharp teeth. [potion of mutation]
  3136 | D:3      | Gained mutation: Scrolls take you a little longer to read. [potion of mutation]
  3136 | D:3      | Gained mutation: Your mind is acute. (Int +2) [potion of mutation]
  3136 | D:3      | Gained mutation: You passively map a small area around you. [potion of mutation]
  3136 | D:3      | Gained mutation: Your system is resistant to poisons. (rPois) [potion of mutation]
  3539 | D:4      | Reached skill level 7 in Fighting
  3539 | D:4      | Reached XP level 7. HP: 56/60 MP: 7/7
  3861 | D:4      | Noticed Blork the orc
  3869 | D:4      | Killed Blork the orc
  3959 | D:4      | Found a glowing silver altar of Zin.
  4121 | D:4      | Found a burning altar of Makhleb.
  4147 | D:4      | Found a shadowy altar of Dithmenos.
  4147 | D:4      | Found a white marble altar of Elyvilon.
  4186 | D:4      | Found a burning altar of Makhleb.
  4192 | D:4      | Became a worshipper of Makhleb the Destroyer
  4266 | D:4      | Found a white marble altar of Elyvilon.
  4267 | D:4      | Found a shadowy altar of Dithmenos.
  4313 | D:4      | Found a glowing silver altar of Zin.
  4705 | D:5      | Entered Level 5 of the Dungeon
  4827 | D:5      | Reached skill level 8 in Fighting
  4880 | D:5      | Reached XP level 8. HP: 68/68 MP: 8/8
  4884 | D:5      | Gained mutation: You are partially covered in molten scales. (AC +2) [mutagenic meat]
  4885 | D:5      | Gained mutation: You are frail. (-10% HP) [mutagenic meat]
  4887 | D:5      | Gained mutation: You have sharp toenails. [mutagenic meat]
  4888 | D:5      | Gained mutation: You passively map the area around you. [mutagenic meat]
  4889 | D:5      | Gained mutation: Your muscles are strong. (Str +2) [mutagenic meat]
  4897 | D:5      | Reached skill level 5 in Axes
  5285 | D:5      | Found a bloodstained altar of Trog.
  5591 | D:6      | Reached skill level 9 in Fighting
  5622 | D:6      | Found a sand-covered staircase.
  5630 | Ossuary  | Entered an ossuary
  5682 | Ossuary  | Reached * piety under Makhleb
  6049 | Ossuary  | Reached skill level 10 in Fighting
  6049 | Ossuary  | Reached XP level 9. HP: 26/70 MP: 9/9
  6517 | D:6      | Found a staircase to the Ecumenical Temple.
  6790 | D:6      | Reached skill level 11 in Fighting
  6898 | D:6      | Killed from afar by an electric eel

Vault maps used:
D:1:      saegor_arrival_simple_d, nicolae_ashenzari_panopticon
D:2:      lemuel_crystal_altar, uniq_terence, uniq_jessica,
          uniq_crazy_yiuf_cottage
D:3:      first_bread, serial_bayou_pond_b, minmay_misc_feat_four_crosses
D:4:      minmay_door_path, kennysheep_mini_moat, lemuel_doored_altar,
          gammafunk_temple_overflow_statue, nrook_loot_triangle,
          uniq_blork_the_orc
D:5:      lightli_temple_of_fire
D:6:      temple_pool_b, nicolae_ossuary_entry_plus, corexii_leaking_fountain,
          water_boxes_lemuel
Ossuary:  ossuary_minmay_scorpions

Skill      XL: |  1  2  3  4  5  6  7  8  9 |
---------------+----------------------------+-----
Fighting       | 4 5 7 8 10 11 | 11.0
Axes           | 3 4 6 7 |  7.1
Armour         | |  3.2
Shields        | |  3.6

Action                   |  1- 3 |  4- 6 |  7- 9 || total
-------------------------+-------+-------+-------++-------
Melee: War axe           |   131 |   205 |   127 ||   463
       Flail             |       |       |   136 ||   136
       Kick              |       |       |    75 ||    75
 Abil: Dig               |     1 |     1 |     3 ||     5
  Use: Scroll            |       |     9 |     9 ||    18
       Potion            |       |     5 |       ||     5
  Eat: Chunk             |     1 |     8 |     9 ||    18
       Bread ration      |       |       |     2 ||     2
Armor: Scale mail        |    58 |       |       ||    58
       Chain mail        |       |   112 |   142 ||   254
Dodge: Dodged            |    47 |    41 |    54 ||   142
Block: Shield            |    76 |   103 |   135 ||   314
